CAL (WIN)
MODESTO NUTS @ DAYTONA TORTUGAS
12/24/2046
 
TOP OF THE 1ST
Modesto Nuts batting - Pitching for Daytona Tortugas : RHP Matt Moffat
Pitching: RHP Matt Moffat
Batting: LHB Daniel Green 0-0: Ground out 4-3 (Groundball, 34, EV 81.9 MPH)
Batting: RHB Mike McElroy 0-0: Ground out 6-3 (Groundball, 6M, EV 83.8 MPH)
Batting: LHB Nick Rooney 0-0: Ball
1-0: SINGLE (Line Drive, 7S, EV 109.4 MPH)
Batting: LHB Paul McClintock 0-0: Called Strike
0-1: Ball
1-1: Ball
2-1: Called Strike
2-2: Ball
Nick Rooney is caught stealing 2nd base 2-6
Top of the 1st over - 0 runs, 1 hit, 0 errors, 0 left on base; Modesto 0 - Daytona 0
BOTTOM OF THE 1ST
Daytona Tortugas batting - Pitching for Modesto Nuts : LHP Rafael Lozano
Pitching: LHP Rafael Lozano
Batting: RHB Dusty Pollert 0-0: Fly out, F8 (Line Drive, 78M, EV 86.9 MPH)
Batting: RHB Pedro Pinero 0-0: Foul Ball, location: 2F
0-1: Called Strike
0-2: Strikes out swinging
Batting: SHB Bryan Johnston 0-0: Called Strike
0-1: Ball
1-1: Foul Ball, location: 2F
1-2: Fly out, F8 (Flyball, 78D, EV 98.8 MPH)
Bottom of the 1st over - 0 runs, 0 hits, 0 errors, 0 left on base; Modesto 0 - Daytona 0
TOP OF THE 2ND
Modesto Nuts batting - Pitching for Daytona Tortugas : RHP Matt Moffat
Batting: LHB Paul McClintock 0-0: Swinging Strike
0-1: Ground out U3 (Groundball, 34S, EV 86.9 MPH)
Batting: RHB Seisaburo Edagawa 0-0: Called Strike
0-1: Foul Ball, location: 2F
0-2: Ball
1-2: Ball
2-2: Foul Ball, location: 2F
2-2: Ball
3-2: Strikes out looking
Batting: LHB Mick Tucker 0-0: SINGLE (Line Drive, 34D, EV 98.1 MPH)
Batting: SHB Jeff Sorrels 0-0: Called Strike
0-1: DOUBLE (Flyball, 8LXD, EV 99.4 MPH)
Mick Tucker to third
Runner from 3rd tries for Home, SAFE, no throw by CF
Pinch Runner at 2nd John Corfield:
Batting: LHB Nick Martin 0-0: Ball
1-0: Swinging Strike
1-1: Swinging Strike
1-2: Strikes out looking
Top of the 2nd over - 1 run, 2 hits, 0 errors, 1 left on base; Modesto 1 - Daytona 0
BOTTOM OF THE 2ND
Daytona Tortugas batting - Pitching for Modesto Nuts : LHP Rafael Lozano
Now at C: John Corfield
Batting: RHB Jonathan Robies 0-0: Called Strike
0-1: Ball
1-1: Ball
2-1: Called Strike
2-2: SINGLE (Groundball, 56S, EV 71.2 MPH) (infield hit)
Batting: RHB Jon Marquez 0-0: Ball
1-0: Called Strike
Jonathan Robies steals 2nd base
1-1: Ball
Jonathan Robies steals 3rd base
2-1: Ball
3-1: Fly out, F9 (Flyball, 9D, EV 85.6 MPH)
Runner from 3rd tags up, SCORES, no throw by RF
Batting: RHB Tony Casas 0-0: Foul Ball, location: 2F
0-1: Called Strike
0-2: Fly out, F8 (Flyball, 78M, EV 79.4 MPH)
Batting: LHB Keith Egan 0-0: Ball
1-0: Ball
2-0: Ball
3-0: Called Strike
3-1: Base on Balls
Batting: RHB Tim Wormell 0-0: Ball
Passed Ball!
Keith Egan to second
1-0: Ball
2-0: Ball
3-0: Base on Balls
Batting: SHB Jaivata Mohanty 0-0: Ball
Passed Ball!
Keith Egan to third
Tim Wormell to second
1-0: Ball
2-0: DOUBLE (Line Drive, 78XD, EV 98.8 MPH)
Keith Egan scores
Tim Wormell scores
Batting: RHB Dusty Pollert 0-0: Ball
1-0: Called Strike
1-1: Foul Ball, location: 2F
1-2: Ball
2-2: Foul Ball, location: 2F
2-2: Ball
Passed Ball!
Jaivata Mohanty to third
3-2: Base on Balls
Batting: RHB Pedro Pinero 0-0: Ball
Passed Ball!
Jaivata Mohanty scores
Dusty Pollert to second
1-0: Swinging Strike
1-1: Called Strike
1-2: Strikes out swinging
Bottom of the 2nd over - 4 runs, 2 hits, 0 errors, 1 left on base; Modesto 1 - Daytona 4
TOP OF THE 3RD
Modesto Nuts batting - Pitching for Daytona Tortugas : RHP Matt Moffat
Batting: RHB Bob Hayes 0-0: Ball
1-0: Fly out, F7 (Flyball, 78S, EV 97.5 MPH)
Batting: LHB Daniel Green 0-0: Swinging Strike
0-1: Fly out, F5 (Popup, 15, EV 81.9 MPH)
Batting: RHB Mike McElroy 0-0: SINGLE (Groundball, P, EV 79.4 MPH) (infield hit)
Batting: LHB Nick Rooney 0-0: Called Strike
0-1: Ground out 6-3 (Groundball, P, EV 77.5 MPH)
Top of the 3rd over - 0 runs, 1 hit, 0 errors, 1 left on base; Modesto 1 - Daytona 4
BOTTOM OF THE 3RD
Daytona Tortugas batting - Pitching for Modesto Nuts : LHP Rafael Lozano
Batting: SHB Bryan Johnston 0-0: Ball
1-0: Swinging Strike
1-1: Ball
2-1: SOLO HOME RUN (Flyball, 7D, EV 92.5 MPH), Distance : 354 ft
Batting: RHB Jonathan Robies 0-0: Called Strike
0-1: Ball
1-1: Foul Ball, location: 2F
1-2: Ball
2-2: Fly out, F7 (Flyball, 7, EV 90.6 MPH)
Batting: RHB Jon Marquez 0-0: Swinging Strike
0-1: Ball
1-1: Ball
2-1: Foul Ball, location: 2F
2-2: Foul Ball, location: 2F
2-2: Foul Ball, location: 2F
2-2: Foul Ball, location: 2F
2-2: Foul Ball, location: 2F
2-2: Ball
3-2: Base on Balls
Pitching: RHP Manny Lebron
Batting: RHB Tony Casas 0-0: Ball
Jon Marquez steals 2nd base
1-0: Called Strike
1-1: Ball
2-1: Ball
3-1: Base on Balls
Batting: LHB Keith Egan 0-0: Called Strike
0-1: Called Strike
0-2: Fielders Choice at 2nd, 1-4 (Groundball, 15S, EV 61.9 MPH)
Jon Marquez to third
Batting: RHB Tim Wormell 0-0: Ball
1-0: Swinging Strike
1-1: SINGLE (Groundball, 34S, EV 68.8 MPH) (infield hit)
Jon Marquez scores
Keith Egan to second
Batting: SHB Jaivata Mohanty 0-0: Called Strike
Keith Egan steals 3rd base
0-1: Swinging Strike
0-2: Foul Ball, location: 2F
0-2: Strikes out looking
Bottom of the 3rd over - 2 runs, 2 hits, 0 errors, 2 left on base; Modesto 1 - Daytona 6
TOP OF THE 4TH
Modesto Nuts batting - Pitching for Daytona Tortugas : RHP Matt Moffat
Batting: LHB Paul McClintock 0-0: Fly out, F9 (Flyball, 9D, EV 93.8 MPH)
Batting: RHB Seisaburo Edagawa 0-0: Ball
1-0: Ball
2-0: Called Strike
2-1: Ball
3-1: DOUBLE (Line Drive, 89M, EV 108.8 MPH)
Batting: LHB Mick Tucker 0-0: Ball
1-0: Swinging Strike
1-1: Called Strike
1-2: Strikes out swinging
Batting: RHB John Corfield 0-0: Ball
1-0: SINGLE (Groundball, 34D, EV 96.9 MPH)
Seisaburo Edagawa to third
Runner from 3rd tries for Home, SAFE, throw by RF to home
Batting: LHB Nick Martin 0-0: Ball
1-0: Ground out 5-3 (Groundball, 5S, EV 66.9 MPH)
Top of the 4th over - 1 run, 2 hits, 0 errors, 1 left on base; Modesto 2 - Daytona 6
BOTTOM OF THE 4TH
Daytona Tortugas batting - Pitching for Modesto Nuts : RHP Manny Lebron
Batting: RHB Dusty Pollert 0-0: Ball
1-0: Called Strike
1-1: Foul Ball, location: 2F
1-2: Ball
2-2: Strikes out swinging
Batting: RHB Pedro Pinero 0-0: Ball
1-0: Called Strike
1-1: Ball
2-1: Ball
3-1: Foul Ball, location: 2F
3-2: Base on Balls
Batting: SHB Bryan Johnston 0-0: Ball
1-0: Ball
2-0: Foul Ball, location: 2F
2-1: Swinging Strike
2-2: Fielders Choice at 2nd, 4-6 (Groundball, 4MD, EV 77.5 MPH)
Batting: RHB Jonathan Robies 0-0: Ball
Bryan Johnston steals 2nd base
1-0: Ball
2-0: Ball
Passed Ball!
Bryan Johnston to third
3-0: Base on Balls
Pitching: RHP Zi-cheng Zhou
Batting: RHB Jon Marquez 0-0: Swinging Strike
0-1: Ball
1-1: Foul Ball, location: 2F
1-2: Strikes out swinging
Bottom of the 4th over - 0 runs, 0 hits, 0 errors, 2 left on base; Modesto 2 - Daytona 6
TOP OF THE 5TH
Modesto Nuts batting - Pitching for Daytona Tortugas : RHP Matt Moffat
Batting: RHB Bob Hayes 0-0: Swinging Strike
0-1: Ball
1-1: Foul Ball, location: 2F
1-2: Foul Ball, location: 2F
1-2: Foul Ball, location: 2F
1-2: Strikes out looking
Batting: LHB Daniel Green 0-0: Ground out 6-3 (Groundball, 6, EV 98.8 MPH)
Batting: RHB Mike McElroy 0-0: Ball
1-0: Foul Ball, location: 2F
1-1: Ball
2-1: Foul Ball, location: 2F
2-2: Foul Ball, location: 2F
2-2: Ball
3-2: Base on Balls
Batting: LHB Nick Rooney 0-0: Swinging Strike
0-1: DOUBLE (Groundball, 5L, EV 107.5 MPH)
Mike McElroy to third
Runner from 3rd tries for Home, SAFE, no throw by LF
Batting: LHB Paul McClintock 0-0: Ball
1-0: Foul Ball, location: 2F
1-1: Ball
2-1: Called Strike
2-2: Ball
3-2: Ground out 4-3 (Groundball, 4M, EV 106.2 MPH)
Top of the 5th over - 1 run, 1 hit, 0 errors, 1 left on base; Modesto 3 - Daytona 6
BOTTOM OF THE 5TH
Daytona Tortugas batting - Pitching for Modesto Nuts : RHP Zi-cheng Zhou
Batting: RHB Tony Casas 0-0: Ball
1-0: Ball
2-0: Called Strike
2-1: Ball
3-1: Base on Balls
Batting: LHB Keith Egan 0-0: Ball
1-0: Swinging Strike
1-1: Called Strike
1-2: Strikes out swinging
Batting: RHB Tim Wormell 0-0: Ball
Tony Casas steals 2nd base
1-0: Called Strike
Tony Casas steals 3rd base (no throw)
1-1: Ball
2-1: SINGLE (Groundball, 4D, EV 97.5 MPH)
Tony Casas scores
Batting: SHB Jaivata Mohanty 0-0: Ball
1-0: Fly out, F7 (Flyball, 78XD, EV 105.6 MPH)
Batting: RHB Dusty Pollert 0-0: Ball
1-0: Called Strike
1-1: Ball
Passed Ball!
Tim Wormell to second
2-1: Ball
3-1: Base on Balls
Pitching: RHP Jalen Young
Batting: RHB Pedro Pinero 0-0: Foul Ball, location: 2F
0-1: Ball
Passed Ball!
Tim Wormell to third
Dusty Pollert to second
1-1: Ball
2-1: Swinging Strike
2-2: Ground out 4-3 (Groundball, 34D, EV 108.8 MPH)
Bottom of the 5th over - 1 run, 1 hit, 0 errors, 2 left on base; Modesto 3 - Daytona 7
TOP OF THE 6TH
Modesto Nuts batting - Pitching for Daytona Tortugas : RHP Matt Moffat
Batting: RHB Seisaburo Edagawa 0-0: Called Strike
0-1: Ground out 4-3 (Groundball, 34, EV 86.9 MPH)
Batting: LHB Mick Tucker 0-0: Called Strike
0-1: Foul Ball, location: 2F
0-2: Ball
1-2: Ball
2-2: Strikes out swinging
Batting: RHB John Corfield 0-0: Swinging Strike
0-1: Fly out, F9 (Flyball, 9LM, EV 90.0 MPH)
Top of the 6th over - 0 runs, 0 hits, 0 errors, 0 left on base; Modesto 3 - Daytona 7
BOTTOM OF THE 6TH
Daytona Tortugas batting - Pitching for Modesto Nuts : RHP Jalen Young
Batting: SHB Bryan Johnston 0-0: Ball
1-0: Ground out 4-3 (Groundball, 4, EV 84.4 MPH)
Batting: RHB Jonathan Robies 0-0: SINGLE (Line Drive, 6MD, EV 98.8 MPH)
Batting: RHB Jon Marquez 0-0: Ball
Jonathan Robies steals 2nd, throwing error, E2
Jonathan Robies to third
1-0: Ball
2-0: Ball
3-0: Base on Balls
Batting: RHB Tony Casas 0-0: Ball
Jon Marquez steals 2nd base (no throw)
1-0: Ball
Passed Ball!
Jonathan Robies scores
Jon Marquez to third
2-0: Called Strike
2-1: Ball
Passed Ball!
Jon Marquez scores
3-1: Called Strike
3-2: Base on Balls
Batting: LHB Keith Egan 0-0: Ball
Passed Ball!
Tony Casas to second
1-0: Called Strike
Tony Casas steals 3rd base
1-1: Ball
2-1: Swinging Strike
2-2: Ground out 5-3 (Groundball, 6, EV 104.4 MPH)
Tony Casas scores
Batting: RHB Tim Wormell 0-0: Fly out, F4 (Line Drive, 4, EV 63.1 MPH)
Bottom of the 6th over - 3 runs, 1 hit, 1 error, 0 left on base; Modesto 3 - Daytona 10
TOP OF THE 7TH
Modesto Nuts batting - Pitching for Daytona Tortugas : RHP Matt Moffat
Batting: LHB Nick Martin 0-0: Ball
1-0: Foul Ball, location: 2F
1-1: Ball
2-1: DOUBLE (Line Drive, 5D, EV 95.6 MPH)
Batting: RHB Bob Hayes 0-0: Called Strike
Nick Martin steals 3rd base
0-1: Ball
1-1: Ball
2-1: Foul Ball, location: 2F
2-2: DOUBLE (Line Drive, 7LM, EV 107.5 MPH)
Nick Martin scores
Batting: LHB Daniel Green 0-0: Called Strike
0-1: Foul Ball, location: 2F
0-2: Foul Ball, location: 2F
0-2: Ball
1-2: Ground out 6-3 (Groundball, 6, EV 78.1 MPH)
Pitching: RHP Jeremy Whooley
Batting: RHB Mike McElroy 0-0: Ball
1-0: Foul Ball, location: 2F
1-1: Swinging Strike
1-2: Strikes out swinging
Batting: LHB Nick Rooney 0-0: Foul Ball, location: 2F
0-1: Called Strike
0-2: Ball
1-2: 2-RUN HOME RUN (Flyball, 9LD, EV 91.9 MPH), Distance : 329 ft
Batting: LHB Paul McClintock 0-0: Called Strike
0-1: Ball
1-1: Ball
2-1: Foul Ball, location: 2F
2-2: Strikes out looking
Top of the 7th over - 3 runs, 3 hits, 0 errors, 0 left on base; Modesto 6 - Daytona 10
BOTTOM OF THE 7TH
Daytona Tortugas batting - Pitching for Modesto Nuts : RHP Jalen Young
Pitching: LHP Mike Pierce
Batting: SHB Jaivata Mohanty 0-0: Ball
1-0: Ball
2-0: Ball
3-0: Called Strike
3-1: SINGLE (Groundball, 56S, EV 68.8 MPH) (infield hit)
Batting: RHB Dusty Pollert 0-0: Ball
1-0: Ball
Wild Pitch!
Jaivata Mohanty to second
2-0: Ball
3-0: Base on Balls
Batting: RHB Pedro Pinero 0-0: Ball
1-0: Ball
2-0: Ball
3-0: Called Strike
3-1: Bunted foul
3-2: Fly out, F4 (Line Drive, 4D, EV 62.5 MPH)
Batting: SHB Bryan Johnston 0-0: Called Strike
0-1: Foul Ball, location: 2F
0-2: Ball
1-2: Ball
2-2: SINGLE (Groundball, 15S, EV 63.1 MPH) (infield hit)
Jaivata Mohanty to third
Dusty Pollert to second
Batting: RHB Jonathan Robies 0-0: Ball
1-0: Fly out, F9 (Flyball, 9, EV 86.2 MPH)
Runner from 3rd tags up, SCORES, no throw by RF
Batting: RHB Jon Marquez 0-0: SINGLE (Line Drive, 34, EV 97.5 MPH)
Dusty Pollert to third
Bryan Johnston to second
Runner from 3rd tries for Home, SAFE, throw by RF to home
Batting: RHB Tony Casas 0-0: Ball
Passed Ball!
Bryan Johnston to third
Jon Marquez to second
1-0: Called Strike
1-1: SINGLE (Line Drive, 3D, EV 95.0 MPH)
Bryan Johnston scores
Jon Marquez to third
Batting: LHB Keith Egan 0-0: Ball
1-0: Ball
Passed Ball!
Jon Marquez scores
Tony Casas to second
2-0: Ball
3-0: Base on Balls
Pitching: RHP Gorgonio Sigua
Batting: RHB Tim Wormell 0-0: Swinging Strike
0-1: Fielders Choice at 2nd, 6-4 (Groundball, 4M, EV 81.2 MPH)
Bottom of the 7th over - 4 runs, 4 hits, 0 errors, 2 left on base; Modesto 6 - Daytona 14
TOP OF THE 8TH
Modesto Nuts batting - Pitching for Daytona Tortugas : RHP Jeremy Whooley
Batting: RHB Seisaburo Edagawa 0-0: Foul Ball, location: 2F
0-1: Ball
1-1: Foul Ball, location: 2F
1-2: Ground out 4-3 (Groundball, 4, EV 86.9 MPH)
Batting: LHB Mick Tucker 0-0: Ball
1-0: Ground out 6-3 (Groundball, P, EV 80.0 MPH)
Batting: RHB John Corfield 0-0: SINGLE (Groundball, 4M, EV 88.1 MPH) (infield hit)
Batting: LHB Nick Martin 0-0: Ball
1-0: Fly out, F7 (Flyball, 78M, EV 88.8 MPH)
Top of the 8th over - 0 runs, 1 hit, 0 errors, 1 left on base; Modesto 6 - Daytona 14
BOTTOM OF THE 8TH
Daytona Tortugas batting - Pitching for Modesto Nuts : RHP Gorgonio Sigua
Batting: SHB Jaivata Mohanty 0-0: Ball
1-0: Foul Ball, location: 2F
1-1: Called Strike
1-2: Ball
2-2: Ground out 1-3 (Groundball, 13S, EV 73.1 MPH)
Batting: RHB Dusty Pollert 0-0: Ball
1-0: Ball
2-0: Ball
3-0: Base on Balls
Batting: RHB Pedro Pinero 0-0: Grounds into double play, 6-4-3 (Groundball, 56, EV 107.5 MPH)
Bottom of the 8th over - 0 runs, 0 hits, 0 errors, 0 left on base; Modesto 6 - Daytona 14
TOP OF THE 9TH
Modesto Nuts batting - Pitching for Daytona Tortugas : RHP Jeremy Whooley
Batting: RHB Bob Hayes 0-0: Ball
1-0: Swinging Strike
1-1: SINGLE (Groundball, 56S, EV 65.0 MPH) (infield hit)
Batting: LHB Daniel Green 0-0: Fielders Choice at 2nd, 1-4 (Groundball, 15S, EV 68.1 MPH)
Batting: RHB Mike McElroy 0-0: Ball
1-0: Foul Ball, location: 2F
1-1: Fielders Choice at 2nd, 5-4 (Groundball, 5L, EV 88.8 MPH)
Batting: LHB Nick Rooney 0-0: Ball
1-0: Ball
2-0: Foul Ball, location: 2F
2-1: Ball
Wild Pitch!
Mike McElroy to second
3-1: Ground out 5-3 (Groundball, 56, EV 99.4 MPH)
Top of the 9th over - 0 runs, 1 hit, 0 errors, 1 left on base; Modesto 6 - Daytona 14
Tuesday, September 13th , 2022 - OOTP Baseball 23.7 Build 88